 Dungeon Crawl Stone Soup version 0.30.0 (webtiles) character file.

Game seed: 6508734981325848288

844 DmienJacobRossen the Covered (level 7, -7/60 HPs)
             Began as a Minotaur Fighter on Oct 1, 2023.
             Mangled by a vampire (11 damage)
             ... on level 5 of the Dungeon.
             The game lasted 00:20:51 (5052 turns).

DmienJacobRossen the Covered (Minotaur Fighter)     Turns: 5052, Time: 00:20:52

Health: -7/60      AC:  9    Str: 22    XL:     7   Next: 68%
Magic:  6/6        EV: 10    Int:  5    God:
Gold:   203        SH:  5    Dex: 10    Spells: 6/6 levels left

rFire   . . .        a - +1 war axe
rCold   . . .        c - +0 buckler
rNeg    . . .        b - +0 scale mail
rPois   .            (helmet restricted)
rElec   .            (no cloak)
rCorr   .            (no gloves)
SInv    .            e - +0 pair of boots
Will    .....        (no amulet) Stlth
                     (no ring)
HPRegen 0.30/turn    (no ring)
MPRegen 0.10/turn

%: no passive effects
@: no status effects
A: horns 2, retaliatory headbutt
a: no special abilities


You were on level 5 of the Dungeon.
You visited 1 branch of the dungeon, and saw 5 of its levels.

You collected 203 gold pieces.

Inventory:

Hand Weapons
 a - a +1 war axe (weapon)
Armour
 b - a +0 scale mail (worn)
 c - a +0 buckler (worn)
 e - a +0 pair of boots (worn)
 k - a +0 tower shield
Scrolls
 g - 2 scrolls of teleportation
 m - a scroll of identify
Potions
 d - a potion of might
 f - 3 potions of curing
 j - 2 potions of heal wounds {unknown}
 n - a potion of attraction {unknown}


   Skills:
 + Level 4.8 Fighting
 + Level 6.1 Axes
 * Level 6.9 Armour
 * Level 3.2 Dodging
 * Level 5.4 Shields


You had 6 spell levels left.
You didn't know any spells.
Your spell library contained the following spells:

 Spells                   Type           Power      Damage    Failure   Level
 Apportation              Tloc           0%         N/A       83%         1
 Necrotise                Necr           0%         1d4       83%         1
 Summon Small Mammal      Summ           0%         N/A       83%         1


Dungeon Overview and Level Annotations

Branches:
Dungeon (5/15)
 Temple: D:4-7

Altars:
Cheibriados
Nemelex Xobeh
Okawaru

Shops:
D:4 (


Innate Abilities, Weirdness & Mutations

You have a pair of horns on your head.
You reflexively headbutt those who attack you in melee.


Message History

The vampire barely misses you. The centaur closely misses you.
The centaur kicks you but does no damage.
The vampire hits you. The vampire closely misses you.
Your Axes skill increases to level 6!
You completely miss the vampire.
The vampire is lightly damaged.
You barely miss the centaur.
The centaur hits you but does no damage.
You block the centaur's attack. The centaur barely misses you.
The centaur completely misses you. The vampire hits you.
The vampire misses you.
You closely miss the vampire. Your headbutt misses the vampire.
The vampire is lightly damaged.
You slash the centaur!
You kill the centaur!
The vampire hits you. The vampire misses you.
You hit the vampire. Your headbutt misses the vampire.
The vampire is moderately damaged.
You block the vampire's attack. The vampire closely misses you.
You hit the vampire but do no damage.
The vampire is moderately damaged.
The vampire mumbles some strange words.
The vampire flickers and vanishes!
You hear some strange, mumbled words.
Something tries to affect you, but you resist.
An acid dragon comes into view.
The acid dragon roars!
You hit something but do no damage.
You hear two shouts!
Something hits you!
* * * LOW HITPOINT WARNING * * *
Something bites you!
* * * LOW HITPOINT WARNING * * *
Something draws strength from your injuries!
You slash something!
A two-headed ogre comes into view.
It is wielding a +0 dire flail and a +0 giant spiked club.
Something hits you.
* * * LOW HITPOINT WARNING * * *
Something bites you!
You die...

......# ##........
......#####......#.##
###/...........#..#O##
##......##...##..#. #
###..#.......##D.# ..
#........#.....#.#
#.....####......##. #
#....## ##[....... .#
#..### #.@{...##.
...###..## ##..)......
#........#####..##...#..
##.............## #..#
.......#######.## #...
........## #..# .....
#........## ##.## ....
####./....## ##.## ..# #
##.......## #..# ....


You could see a two-headed ogre and an acid dragon.

Vanquished Creatures
  An ogre (D:5)
  A black bear (D:4)
  2 centaurs (D:5)
  A phantom (D:5)
  4 hounds
  An orc priest (D:5)
  Jessica (D:2)
  3 iguanas
  Natasha (twice) (D:2)
  4 gnolls (D:4)
  3 adders
  A worm (D:4)
  A dart slug (D:3)
  5 orcs
  6 endoplasms
  A giant cockroach (D:4)
  7 goblins
  9 hobgoblins
  4 jackals (D:1)
  A quokka (D:2)
  5 ball pythons
  3 bats
  4 frilled lizards
  6 kobolds
  2 rats (D:2)
78 creatures vanquished.

Vanquished Creatures (others)
  14 plants (D:1)
14 creatures vanquished.

Grand Total: 92 creatures vanquished

Notes
Turn   | Place    | Note
-------+----------+-------------------------------------------
     0 | D:1      | DmienJacobRossen the Minotaur Fighter began the quest for
                  | the Orb.
     0 | D:1      | Reached XP level 1. HP: 19/19 MP: 0/0
   365 | D:1      | Reached XP level 2. HP: 21/27 MP: 1/1
  1181 | D:2      | Reached XP level 3. HP: 33/33 MP: 2/2
  1227 | D:2      | Noticed Jessica
  1233 | D:2      | Killed Jessica
  1234 | D:2      | Reached skill level 1 in Dodging
  1492 | D:2      | Found a faded altar of an unknown god.
  1728 | D:2      | Noticed Natasha
  1735 | D:2      | Killed Natasha
  1736 | D:2      | Reached XP level 4. HP: 40/40 MP: 3/3
  1978 | D:2      | Noticed Natasha
  1986 | D:2      | Killed Natasha
  2454 | D:3      | Found a sparkling altar of Nemelex Xobeh.
  2785 | D:3      | Found an iron altar of Okawaru.
  2866 | D:3      | Reached XP level 5. HP: 46/46 MP: 4/4
  2980 | D:3      | Found a snail-covered altar of Cheibriados.
  3462 | D:4      | Reached skill level 5 in Armour
  3498 | D:4      | Noticed a black bear
  3503 | D:4      | Killed a black bear
  3504 | D:4      | Reached XP level 6. HP: 48/52 MP: 5/5
  3598 | D:4      | Found Xoako's Weapon Boutique.
  3921 | D:4      | Reached skill level 5 in Axes
  4194 | D:5      | Entered Level 5 of the Dungeon
  4526 | D:5      | Reached skill level 5 in Shields
  4526 | D:5      | Reached XP level 7. HP: 39/60 MP: 6/6
  5039 | D:5      | Noticed a vampire
  5052 | D:5      | Noticed a two-headed ogre
  5052 | D:5      | Mangled by a vampire

Illustrated notes

Levels and vault maps discovered:
D:1:      dpeg_arrival_simpleton_c, layout_basic, serial_bayou_pond_c,
          minmay_cut_off
D:2:      layout_basic, shapermc_ecumenical_altar_pompeii,
          minmay_tree_intersection, uniq_jessica, uniq_natasha
D:3:      layout_loops_corners, mainiacjoe_overflow_tiny_flanked,
          lemuel_crystal_altar, marbit_many_paths
D:4:      layout_loops_cross, serial_shops, nicolae_shop_bloodbath_and_beyond,
          minivault_4, kennysheep_path_1, kennysheep_small_square
D:5:      layout_layer_cave, lemuel_doored_altar, minmay_manual_mess

Skill      XL: |  1  2  3  4  5  6  7 |
---------------+----------------------+-----
Armour         | 4 5 6 |  6.9
Shields        | 4 5 |  5.4
Fighting       | 4 |  4.8
Axes           | 3 4 5 6 |  6.1
Dodging        | 1 2 3 |  3.2

Action                     |  1- 3 |  4- 6 |  7- 9 || total
---------------------------+-------+-------+-------++-------
  Melee: War axe           |    80 |    82 |    16 ||   178
         Headbutt          |    15 |    15 |     3 ||    33
    Use: Scroll            |       |     5 |       ||     5
 Armour: Scale mail        |    30 |    32 |    12 ||    74
  Dodge: Dodged            |    46 |    64 |    20 ||   130
  Block: Buckler           |    16 |    33 |     5 ||    54
